Map: Prion Terraces

Players

ILLBdA

  • Race: Protoss Protoss
  • League: Diamond

Thinking - Winner!

  • Race: Protoss Protoss
  • League: Diamond

VOD

Have the link to the VOD?

Description

Time

  • Played on: Dec. 10, 2015, 5:22 p.m.
  • Length: 2:52
Show
View Real Time Build Order
Export as new Build Order

ILLBdA Protoss 

Build Orders:  

Get SALT Encoding   

  12  0:01  Probe (Chrono Boost)  
  13  0:11  Probe (Chrono Boost)  
  14  0:18  Pylon  
  14  0:22  Probe (Chrono Boost)  
  15  0:36  Probe (Chrono Boost)  
  15  0:40  Forge  
  16  0:47  Probe (Chrono Boost)  
  17  1:16  Pylon  
  17  1:17  Pylon  
  17  1:18  Pylon  
  17  1:30  Probe (Chrono Boost)  
  18  1:34  Photon Cannon  
  18  1:39  Gateway  
  18  1:40  Pylon  
  18  1:44  Photon Cannon  
  17  1:54  Pylon  
  17  1:57  Pylon  
  17  2:08  Photon Cannon  
  17  2:14  Probe (Chrono Boost)  
  19  2:35  Probe  
  19  2:44  Assimilator  
  19  2:47  Cybernetics Core  
Show
View Real Time Build Order
Export as new Build Order

Thinking Protoss - Winner!

Build Orders:  

Get SALT Encoding   

  12  0:01  Probe (Chrono Boost)  
  13  0:12  Probe (Chrono Boost)  
  14  0:21  Pylon  
  14  0:23  Probe (Chrono Boost)  
  15  0:41  Gateway  
  15  0:43  Probe (Chrono Boost)  
  16  0:53  Probe (Chrono Boost)  
  17  1:00  Assimilator  
  17  1:02  Assimilator  
  18  1:04  Probe (Chrono Boost)  
  18  1:15  Probe (Chrono Boost)  
  19  1:32  Cybernetics Core, Zealot (Chrono Boost)  
  21  2:25  Zealot (Chrono Boost)  
Tags
 
Matchup
PvP
Replay Pack
me
Add a new tag
Caveats
  • Supply blocks, unpowered buildings, or Contaminate may cause inaccurate times.
  • Supply counts are checked every 10 seconds.